 Dungeon Crawl Stone Soup version 0.26.1-11-gd32895ea62 (webtiles) character file.

Game seed: 13665947154943676258

300 dtburroughs the Skirmisher (level 6, 0/56 HPs)
             Began as a Minotaur Berserker on May 16, 2021.
             Was a Believer of Trog.
             Slain by a lemure (3 damage)
             ... led by Pikel
             ... on level 4 of the Dungeon.
             The game lasted 00:07:39 (4323 turns).

dtburroughs the Skirmisher (Minotaur Berserker)     Turns: 4323, Time: 00:07:40

Health: 0/56       AC:  8    Str: 22    XL:     6   Next: 13%
Magic:  5/5        EV: 11    Int:  6    God:    Trog [**....]
Gold:   258        SH:  0    Dex:  9    Spells: 5/5 levels left

rFire    . . .     SeeInvis .   t - +0 war axe
rCold    . . .     Faith    .   (no shield)
rNeg     . . .     Spirit   .   h - +0 scale mail
rPois    .         Reflect  .   (helmet restricted)
rElec    .         Harm     .   (no cloak)
rCorr    .         Rampage  .   (no gloves)
Will     .....                  m - +0 pair of boots
Stlth    ..........             (no amulet)
HPRegen  0.18/turn              (no ring)
MPRegen  0.09/turn              (no ring)

@: no status effects
A: retaliatory headbutt, horns 2
a: Renounce Religion, Berserk, Trog's Hand


You were on level 4 of the Dungeon.
You worshipped Trog.
Trog was pleased with you.
You visited 1 branch of the dungeon, and saw 4 of its levels.

You collected 258 gold pieces.

Inventory:

Hand Weapons
 a - a +0 hand axe
 t - a +0 war axe (weapon)
Armour
 e - a +0 cloak
 h - a +0 scale mail (worn)
 i - a scarf of harm
 m - a +0 pair of boots (worn)
Jewellery
 g - an uncursed ring of fire {unknown}
 n - an uncursed ring of protection from cold {unknown}
 r - an uncursed ring of willpower {unknown}
Scrolls
 b - 7 scrolls of noise {unknown}
 d - 5 scrolls of identify {unknown}
 l - a scroll of amnesia {unknown}
 o - a scroll of fog {unknown}
 p - a scroll of blinking {unknown}
 q - a scroll of fear {unknown}
 u - 2 scrolls of enchant weapon {unknown}
 w - 2 scrolls of teleportation {unknown}
 y - a scroll of magic mapping {unknown}
Potions
 c - 2 potions of lignification {unknown}
 f - 2 potions of mutation {unknown}
 j - 2 potions of haste {unknown}
 k - a potion of curing {unknown}
 s - 2 potions of invisibility {unknown}
 v - 2 potions of heal wounds {unknown}
 x - a potion of degeneration {unknown}


   Skills:
 + Level 5.2 Fighting
 + Level 5.2 Axes
 + Level 4.4 Armour
 + Level 4.0 Dodging


You had 5 spell levels left.
You didn't know any spells.
Your spell library was empty.

Dungeon Overview and Level Annotations

Branches:
Dungeon (4/15)
 Temple: D:4-7

Altars:
Ashenzari

Shops:
D:4 [

Annotations:
D:4 Pikel


Innate Abilities, Weirdness & Mutations

You reflexively headbutt those who attack you in melee.
You have a pair of horns on your head.


Message History

Done waiting.
There is a stone staircase leading down, spattered with blood here.
You climb downwards.
Level annotation: Pikel Pikel zaps a wand.
The bolt of acid hits you!!
You are splashed with acid!
The quokka skeleton bites you but does no damage.
The lemure hits you.
There is a stone staircase leading up here.
You barely miss Pikel. You hit the lemure but do no damage.
You hit the quokka skeleton. Pikel barely misses you.
The quokka skeleton misses you.
Pikel zaps a wand.
The bolt of acid hits you!
* * * LOW HITPOINT WARNING * * *
You are splashed with acid!
* * * LOW HITPOINT WARNING * * *
The quokka skeleton bites you but does no damage.
You hit Pikel.
Pikel is lightly wounded.
You hit the quokka skeleton. You closely miss the lemure. x2
The lemure barely misses you. The lemure hits you.
You die...

#. .. .. #. . .
#.. .#. #.. ...
#..#5# #
#..#.##.#
###...K5..#
#.....@5#
......Z........
..∩<..#....#.#.
......#....#
..... #....#
..... .....#
#### ###...
....


You could see Pikel, 3 lemures and a quokka skeleton.

Vanquished Creatures
  A lemure (D:3)
  A centaur zombie (D:3)
  2 orc wizards (D:3)
  Jessica (D:3)
  A worker ant (D:3)
  3 adders (D:3)
  2 oozes
  4 worms
  4 leopard geckos (D:3)
  15 orcs (D:3)
  2 ball pythons
  5 giant cockroaches
  6 goblins
  8 hobgoblins
  9 jackals
  2 quokkas (D:3)
  8 bats
  A frilled lizard (D:1)
  9 kobolds
  8 rats
92 creatures vanquished.

Notes
Turn   | Place    | Note
-------+----------+-------------------------------------------
     0 | D:1      | dtburroughs the Minotaur Berserker began the quest for the
                  | Orb.
     0 | D:1      | Reached XP level 1. HP: 19/19 MP: 0/0
   193 | D:1      | Reached XP level 2. HP: 27/27 MP: 1/1
   939 | D:2      | Reached XP level 3. HP: 33/33 MP: 2/2
  1801 | D:2      | Reached ** piety under Trog
  2449 | D:3      | Found a broken altar of Ashenzari.
  2452 | D:3      | Reached XP level 4. HP: 40/40 MP: 3/3
  3213 | D:3      | Reached XP level 5. HP: 42/47 MP: 4/4
  3658 | D:3      | Noticed Jessica
  3666 | D:3      | Reached *** piety under Trog
  3677 | D:3      | Reached skill level 5 in Fighting
  3677 | D:3      | Reached skill level 5 in Axes
  3682 | D:3      | Killed Jessica
  3683 | D:3      | Reached XP level 6. HP: 13/56 MP: 5/5
  4025 | D:4      | Found Yxtaepin's Armour Shoppe.
  4025 | D:4      | Noticed Pikel
  4322 | D:4      | HP: 2/56 [acid (11)]
  4323 | D:4      | Slain by a lemure

Illustrated notes

Levels and vault maps discovered:
D:1:      eino_arrival_cavern_d, layout_rooms, serial_bayou_ford_a,
          item_on_display_a
D:2:      layout_basic, minmay_goblin_outpost
D:3:      layout_loops_corners, cheibrodos_ashenzari_chains, uniq_jessica
D:4:      layout_loops_cross, serial_shops, shop, uniq_pikel

Skill      XL: |  1  2  3  4  5  6 |
---------------+-------------------+-----
Axes           | 4 5 |  5.2
Fighting       | 4 5 |  5.2
Armour         | 3 4 |  4.4
Dodging        | 3 4 |  4.0

Action                   |  1- 3 |  4- 6 || total
-------------------------+-------+-------++-------
Melee: Hand axe          |   112 |    32 ||   144
       Headbutt          |    13 |    11 ||    24
       War axe           |       |    75 ||    75
Invok: Trog's Hand       |       |     3 ||     3
 Stab: Sleeping          |     2 |       ||     2
Armor: Animal skin       |    15 |       ||    15
       Scale mail        |    34 |    30 ||    64
Dodge: Dodged            |    85 |    69 ||   154
